 Dungeon Crawl Stone Soup version 0.19-a0-1937-g70ed36a (webtiles) character file.

191 suicidejoker the Covered (level 5, -9/41 HPs)
             Began as a Demonspawn Fighter on Oct 27, 2016.
             Killed by divine providence
             ... invoked by an orc priest
              (16 damage)
             ... on level 3 of the Dungeon.
             The game lasted 00:05:09 (2685 turns).

suicidejoker the Covered (Demonspawn Fighter)       Turns: 2685, Time: 00:05:10

Health: -9/41      AC: 11    Str: 18    XL:     5   Next: 41%
Magic:  5/5        EV:  3    Int:  9    God:
Gold:   62         SH:  9    Dex: 12    Spells: 0 memorised, 4 levels left

rFire  . . .     SeeInvis .     r - +2 dagger (vamp)
rCold  . . .     Gourm    .     p - +0 plate armour
rNeg   . . .     Faith    .     c - +0 shield
rPois  .         Spirit   .     (helmet restricted)
rElec  .         Reflect  .     (no cloak)
rCorr  .         Harm     .     (no gloves)
MR     .....                    (no boots)
Stlth  ..........               (no amulet)
                                (no ring)
                                o - ring of loudness (curse)

@: no status effects
A: antennae 1, nightstalker 1
a: no special abilities


You were on level 3 of the Dungeon.
You were not hungry.

You visited 1 branch of the dungeon, and saw 3 of its levels.

You collected 62 gold pieces.

Inventory:

Hand Weapons
 a - a +0 war axe
 d - a +1 short sword of protection
 l - a +2 falchion of slicing
 r - a +2 vampiric dagger (weapon)
Armour
 b - a +0 scale mail
 c - a +0 shield (worn)
 e - a +2 chain mail of magic resistance
 k - a +0 large shield
 p - a +0 plate armour (worn)
Jewellery
 o - a cursed ring of loudness (left hand)
Scrolls
 h - 3 scrolls of identify {unknown}
 i - 2 scrolls of remove curse {unknown}
 j - 2 scrolls of amnesia {unknown}
 q - a scroll of noise {unknown}
 s - 2 scrolls of magic mapping {unknown}
Potions
 m - a potion of curing {unknown}
 n - a potion of lignification {unknown}
 t - a potion of brilliance {unknown}
Comestibles
 f - 2 bread rations


   Skills:
 + Level 3.4 Fighting
 * Level 0.1 Short Blades
 + Level 3.6 Axes
 + Level 3.6 Armour
 + Level 0.1 Dodging
 - Level 0.2 Stealth
 + Level 3.3 Shields


You had 4 spell levels left.
You didn't know any spells.

Dungeon Overview and Level Annotations

Branches:
Dungeon (3/15)

Altars:
Sif Muna


Innate Abilities, Weirdness & Mutations

You have a pair of small antennae on your head.
You are slightly more attuned to the shadows.


Message History

The quokka bites you but does no damage.
You hit the orc priest but do no damage.
The orc priest is severely wounded.
The bat hits you but does no damage. You block the bat's attack.
The quokka bites you but does no damage.
The orc priest hits you but does no damage.
You completely miss the orc priest.
The orc priest is severely wounded.
The bat hits you but does no damage. You block the bat's attack.
You block the quokka's attack. You block the bat's attack.
The orc priest calls down the wrath of Beogh upon you.
Beogh smites you!
* * * LOW HITPOINT WARNING * * *
Your shield and plate armour prevent you from hitting the orc priest.
The orc priest is severely wounded.
The bat hits you but does no damage. The quokka bites you.
* * * LOW HITPOINT WARNING * * *
The orc priest invokes the aid of Beogh against you.
Beogh smites you!
You die...

....#.#..#......[...
......#....>....##.....
....[....... .........
........#.# # ..#.#...
#.........####....?....
............##.#.......
.........##............
.........>.....#bo.....
†....##.......##@.?#..#
....###.(.#.#..br..#.
##### #...............
# #.#.............. #
#.##.............
#.###............ #.#
#............ #..
............
#.####.........


You could see an orc priest, a quokka and 2 bats.

Vanquished Creatures
  An orc priest (D:2)
  An orc wizard (D:2)
  Jessica (D:3)
  Ijyb (D:2)
  An adder (D:2)
  A worm (D:2)
  A dart slug (D:2)
  5 leopard geckos
  11 orcs (D:2)
  2 giant cockroaches (D:2)
  6 hobgoblins
  2 jackals (D:1)
  4 bats
  3 frilled lizards
  4 goblins
  4 kobolds
  5 rats
53 creatures vanquished.

Notes
Turn   | Place    | Note
-------+----------+-------------------------------------------
     0 | D:1      | suicidejoker the Demonspawn Fighter began the quest for the Orb.
     0 | D:1      | Reached XP level 1. HP: 18/18 MP: 1/1
   598 | D:1      | Gained mutation: You have a pair of small antennae on your head. [demonic ancestry]
   598 | D:1      | Reached XP level 2. HP: 24/24 MP: 2/2
  1744 | D:2      | Reached XP level 3. HP: 25/29 MP: 3/3
  1873 | D:2      | Found a deep blue altar of Sif Muna.
  2249 | D:3      | Noticed Ijyb
  2249 | D:3      | Noticed Jessica
  2303 | D:2      | HP: 1/29 [orc priest/nerve-wracking pain (13)]
  2305 | D:2      | Gained mutation: You are slightly more attuned to the shadows. [demonic ancestry]
  2305 | D:2      | Reached XP level 4. HP: 30/35 MP: 4/4
  2314 | D:2      | Killed Ijyb
  2377 | D:2      | Reached XP level 5. HP: 41/41 MP: 5/5
  2540 | D:3      | Killed Jessica
  2685 | D:3      | Killed from afar by an orc priest

Vault maps used:
D:1:      dpeg_arrival_tiny_c
D:2:      serial_bayou_pond_c, lemuel_blue_sif_altar
D:3:      first_bread, uniq_iyjb, uniq_jessica

Skill      XL: |  1  2  3  4 |
---------------+-------------+-----
Axes           | 2 3 |  3.6
Armour         | 3 |  3.6
Shields        | 3 |  3.3
Fighting       | |  3.4
Short Blades   | |  0.1
Dodging        | |  0.1
Stealth        | |  0.2

Action                   |  1- 3 |  4- 6 || total
-------------------------+-------+-------++-------
Melee: War axe           |   141 |    57 ||   198
       Dagger            |       |    39 ||    39
  Use: Potion            |     2 |     1 ||     3
  Eat: Chunk             |     2 |     2 ||     4
       Pizza             |     1 |       ||     1
       Fruit             |       |     3 ||     3
       Bread ration      |       |     1 ||     1
Armor: Scale mail        |    37 |       ||    37
       Plate armour      |    62 |   114 ||   176
Dodge: Dodged            |    33 |    12 ||    45
Block: Shield            |    74 |    70 ||   144
